 Dungeon Sprint DCSS version 0.30-a0-381-g6ea064c7b4 (webtiles) character file.

Game seed: 4983265495977617044

7 rocky1 the Trooper (level 2, -4/33 HPs)
             Began as an Ogre Monk on Dec 2, 2022.
             Was a Priest of Cheibriados.
             Slain by Menkaure (15 damage)
             ... in the Dungeon (Sprint VII: "The Pits").
             The game lasted 00:00:38 (140 turns).

rocky1 the Trooper (Ogre Monk)                       Turns: 140, Time: 00:00:39

Health: -4/33      AC:  3    Str: 21    XL:     2   Next: 0%
Magic:  2/2        EV: 11    Int: 18    God:    Cheibriados [***...]
Gold:   0          SH:  0    Dex: 18    Spells: 1/1 levels left

rFire   . . .      SeeInvis .    n - +2 mace
rCold   . . .      Faith    .    (no shield)
rNeg    . . .      Spirit   .    b - +0 robe
rPois   .          Reflect  .    (helmet restricted)
rElec   .          Harm     .    (no cloak)
rCorr   .          Rampage  .    (gloves unavailable)
Will    .....      NoTele   +    (boots unavailable)
Stlth   ++........               (no amulet)
HPRegen 0.25/turn                (no ring)
MPRegen 0.08/turn                (no ring)

@: very slow
A: large, unfitting armour, tough skin 1
a: Renounce Religion, Bend Time, Temporal Distortion


You were in the Dungeon.
You worshipped Cheibriados.
Cheibriados was most pleased with you.
You visited 1 branch

Inventory:

Hand Weapons
 a - a +0 mace
 m - a +2 hand axe
 n - a +2 mace (weapon)
Armour
 b - a +0 robe (worn)
Scrolls
 i - a scroll of blinking
 k - 5 scrolls of amnesia
 l - a scroll of summoning
Potions
 c - a potion of ambrosia
 d - a potion of curing
 e - a potion of heal wounds
 f - a potion of haste
 g - 4 potions of magic
 h - 3 potions of berserk rage
 j - 2 potions of invisibility


   Skills:
 + Level 4.5 Fighting
 * Level 1.1(2.7) Axes
 * Level 3.5(3.6) Maces & Flails
 + Level 3.0 Dodging
 + Level 1.5 Stealth


You had one spell level left.
You didn't know any spells.
Your spell library was empty.

Dungeon Overview and Level Annotations

Branches:
Dungeon (1/1)

Altars:
Ashenzari
Cheibriados
Dithmenos
Elyvilon
Fedhas
Gozag
Hepliaklqana
Kikubaaqudgha
Makhleb
Nemelex Xobeh
Okawaru
Qazlal
Ru
Sif Muna
Trog
Uskayaw
Vehumet
Wu Jian
Xom
Yredelemnul
Zin
The Shining One
Jiyva
Lugonu

Annotations:
D Menkaure


Innate Abilities, Weirdness & Mutations

You are too large for most types of armour.
You have tough skin. (AC +1)


Message History

The quokka bites you but does no damage.
The quokka bites you.
You hit the quokka.
The quokka is severely wounded.
The quokka barely misses you.
You closely miss the quokka.
The quokka is severely wounded.
The quokka closely misses you.
The quokka bites you but does no damage.
The quokka twitches its whiskers.
The quokka closely misses you.
The quokka bites you but does no damage.
You thump the quokka!
You kill the quokka!
Cheibriados thoroughly appreciates the change of pace.
Cheibriados raises the support of your attributes as your movement slows.
You have reached level 2!
You start resting.
HP restored.
You open the door.
A scorpion, Menkaure, a river rat and a bat zombie come into view.
Menkaure shouts!
There is an open door here.
Unknown command.
You sock Menkaure!
Menkaure is moderately damaged.
The bat zombie closely misses you. x2; The bat zombie misses you.
Menkaure points at you and mumbles some strange words.
Pain shoots through your body!
The bat zombie hits you but does no damage.
You barely miss Menkaure.
Menkaure is moderately damaged.
The bat zombie hits you.
The bat zombie hits you but does no damage. x2
Menkaure hits you!
You sock Menkaure!
Menkaure is heavily damaged.
The bat zombie hits you. The bat zombie barely misses you.
The bat zombie completely misses you. Menkaure hits you!
You die...

#.?(.'.))'.##......#..#
##########.##..........
#...........'..........
#+#####'#####......#..#
#...))# #..........
#.....# ####'#####+
###'### #.......#
#...†.# #.......#
#...@Z# #.......#
####M## #...<...#
#s......Z##.......#
#r.......##.......#
###########.......#
#########


You could see Menkaure and a bat zombie.

Vanquished Creatures
  An orc (D)
  A ball python (D)
  A goblin (D)
  A quokka (D)
  A frilled lizard (D)
5 creatures vanquished.

Notes
Turn   | Place    | Note
-------+----------+-------------------------------------------
     0 | D        | rocky1 the Ogre Monk began the quest for the Orb.
     0 | D        | Reached XP level 1. HP: 24/24 MP: 1/1
    44 | D        | Found a bloodstained altar of Trog.
    44 | D        | Found a shimmering blue altar of Sif Muna.
    44 | D        | Found a viscous altar of Jiyva.
    44 | D        | Found a hazy altar of Hepliaklqana.
    44 | D        | Found an opulent altar of Gozag.
    45 | D        | Found a glowing golden altar of the Shining One.
    45 | D        | Found a glowing silver altar of Zin.
    45 | D        | Found a basalt altar of Yredelemnul.
    45 | D        | Found a shimmering altar of Xom.
    45 | D        | Found an ornate altar of the Wu Jian Council.
    45 | D        | Found a sacrificial altar of Ru.
    45 | D        | Found a stormy altar of Qazlal.
    45 | D        | Found an iron altar of Okawaru.
    45 | D        | Found a sparkling altar of Nemelex Xobeh.
    45 | D        | Found a burning altar of Makhleb.
    45 | D        | Found a blossoming altar of Fedhas.
    45 | D        | Found a white marble altar of Elyvilon.
    45 | D        | Found a shadowy altar of Dithmenos.
    45 | D        | Found a snail-covered altar of Cheibriados.
    48 | D        | Found a corrupted altar of Lugonu.
    48 | D        | Found a radiant altar of Vehumet.
    49 | D        | Found an ancient bone altar of Kikubaaqudgha.
    49 | D        | Found a hide-covered altar of Uskayaw.
    49 | D        | Found a broken altar of Ashenzari.
    56 | D        | Became a worshipper of Cheibriados the Contemplative
    56 | D        | Reached * piety under Cheibriados
    56 | D        | Reached ** piety under Cheibriados
   112 | D        | Reached *** piety under Cheibriados
   113 | D        | Reached skill level 1 in Axes
   118 | D        | Reached XP level 2. HP: 30/33 MP: 2/2
   133 | D        | Noticed a scorpion
   133 | D        | Noticed Menkaure
   140 | D        | Slain by Menkaure

Illustrated notes

Levels and vault maps discovered:
D:        pitsprint [storerooms_1, entrance_room_1, metal_vault_8, armoury_2,
          mini_pit_1, grid_room_1, main_hall_1, silver_pit, the_coven_1,
          the_vestibule_1, steel_vault_4, golden_pit, hallway_of_sentries,
          crystal_vault_2, iron_vault_4, final_vault]

Skill      XL: |  1 |
---------------+----+-----
Maces & Flails | 3 |  3.5
Dodging        | 3 |  3.0
Axes           | 1 |  1.1
Fighting       | |  4.5
Stealth        | |  1.5

Action                   || total
-------------------------++-------
Melee: Mace              ||    12
 Stab: Sleeping          ||     1
Armor: Robe              ||     7
Dodge: Dodged            ||     8

Table legend: (Time is in decaauts)
 A = Elapsed time spent in this place.
 B = Non-inter-level travel time spent in this place.
 C = Inter-level travel time spent in this place.
 D = Time resting spent in this place.
 E = Time spent auto-exploring this place.
 F = Levels seen in this place.
 G = Mean time per level.
                   A        B        C        D        E       F      G
               +--------+--------+--------+--------+--------+-----+--------+
         Total |    155 |    155 |      0 |     40 |      0 |   1 |  155.0 |
       Dungeon |    155 |    155 |      0 |     40 |      0 |   1 |  155.0 |
               +--------+--------+--------+--------+--------+-----+--------+

Top non-repeatable levels by time:
       D: 155 daAuts
